 Dungeon Crawl Stone Soup version 0.22-a0-389-g8519d86 (webtiles) character file.

34 Kairos the Shield-Bearer (level 3, 0/20 HPs)
             Began as a Vine Stalker Fighter on Apr 30, 2018.
             Succumbed to an adder's poison
             ... on level 2 of the Dungeon.
             The game lasted 00:01:11 (447 turns).

Kairos the Shield-Bearer (Vine Stalker Fighter)      Turns: 447, Time: 00:01:12

Health: 0/20       AC:  6    Str: 19    XL:     3   Next: 31%
Magic:  1/4        EV:  7    Int:  8    God:
Gold:   63         SH:  9    Dex: 13    Spells: 2/2 levels left

rFire    . . .     SeeInvis .   a - +0 war axe
rCold    . . .     Gourm    +   c - +0 shield
rNeg     . . .     Faith    .   b - +0 scale mail
rPois    .         Spirit   +   (no helmet)
rElec    .         Reflect  .   (no cloak)
rCorr    +         Harm     .   (no gloves)
MR       +....                  (no boots)
Stlth    ..........             g - amulet of the gourmand
HPRegen  0.06/turn              k - ring of protection from magic
MPRegen  0.09/turn              p - ring of resist corrosion

@: lethally poisoned (0 -> -6), flying
A: fangs 2, magic shield, antimagic bite, no potion heal 3, rot immunity
a: no special abilities


You were on level 2 of the Dungeon.
You were not hungry.

You visited 1 branch of the dungeon, and saw 2 of its levels.

You collected 63 gold pieces.

Inventory:

Hand Weapons
 a - a +0 war axe (weapon)
Armour
 b - a +0 scale mail (worn)
 c - a +0 shield (worn)
Jewellery
 g - an amulet of the gourmand (around neck)
 k - a ring of protection from magic (left hand)
 p - a ring of resist corrosion (right hand)
Scrolls
 e - a scroll of blinking {unknown}
 h - 2 scrolls of immolation {unknown}
 i - 2 scrolls of remove curse {unknown}
 j - a scroll of identify {unknown}
 l - a scroll of random uselessness {unknown}
 o - a scroll of amnesia {unknown}
 q - a scroll of magic mapping {unknown}
Potions
 d - 2 potions of might
Comestibles
 f - 2 rations


   Skills:
 + Level 3.0 Fighting
 + Level 2.2 Axes
 + Level 2.8 Armour
 + Level 0.2 Dodging
 + Level 3.0 Shields


You had 2 spell levels left.
You didn't know any spells.

Dungeon Overview and Level Annotations

Branches:
Dungeon (2/15)

Altars:


Innate Abilities, Weirdness & Mutations

You have extremely sharp teeth.
When hurt, damage is shared between your health and your magic reserves.
Your bite disrupts and absorbs the magic of your enemies.
Potions cannot restore your health.
You are immune to rotting.


Message History

The adder closely misses you.
You miss the adder.
You kill the adder!
Your Fighting skill increases to level 3!
Your Shields skill increases to level 3!
You hit the hobgoblin.
You kill the hobgoblin!
* * * LOW HITPOINT WARNING * * *
You feel sick.
* * * LOW HITPOINT WARNING * * *
You feel sick.
You see here an adder corpse.
Unknown command.
Wield which item (- for none, * to show all)? (? for menu, Esc to quit)
Okay, then.
It was a potion of cancellation.
You feel magically purged.
It was a potion of flight.
You feel very buoyant.
You fly up into the air.
You die...

#........†...)..... .#
#..#.##.............
...#..#.##.............
.##.#..#.##...........#.
.........##...<......#..
##.................#.#.#
.......#...........#.#
#.......#......#.#..
#....@.........#.# .#
#..............#..
#.......$......# .#
#......##.........#
#.......#####.....##
#.......# ....[..#
.......... ....##.#
.#........ .#.## .# ....
..


There were no monsters in sight!

Vanquished Creatures
  An adder (D:2)
  An ooze (D:1)
  A worm (D:2)
  2 giant cockroaches (D:1)
  4 hobgoblins
  A ball python (D:1)
  5 bats
  A frilled lizard (D:1)
  A kobold (D:2)
  2 rats (D:1)
19 creatures vanquished.

Notes
Turn   | Place    | Note
-------+----------+-------------------------------------------
     0 | D:1      | Kairos the Vine Stalker Fighter began the quest for the Orb.
     0 | D:1      | Reached XP level 1. HP: 11/11 MP: 2/2
    79 | D:1      | Reached XP level 2. HP: 11/16 MP: 3/3
   413 | D:2      | Reached XP level 3. HP: 9/19 MP: 2/4
   445 | D:2      | HP: 1/20 [poisoned by an adder]
   447 | D:2      | Succumbed to an adder's poison

Vault maps used:
D:1:      grunt_arrival_crossed_arrows
D:2:      grunt_qazlal_sundering, lemuel_crystal_altar, minivault_26,
          uniq_jessica

Skill      XL: |  1  2  3 |
---------------+----------+-----
Axes           | 2 |  2.2
Fighting       | 3 |  3.0
Shields        | 3 |  3.0
Armour         | |  2.8
Dodging        | |  0.2

Action                   || total
-------------------------++-------
Melee: War axe           ||    53
       Bite              ||     9
  Use: Potion            ||     2
Armor: Scale mail        ||    29
Dodge: Dodged            ||    13
Block: Shield            ||    35

Table legend:
 A = Spawn XP
 B = Non-spawn XP
 C = Spawn XP percentage of total XP
 D = Spawn monster count
 E = Non-spawn monster count
 F = Spawn count percentage of total count
 G = Total turns spent on level
                    A         B        C        D         E        F      G
               +---------+---------+-------+---------+---------+-------+---------
         Total |       0 |      49 |   0.0 |       0 |      19 |   0.0 |   447
               +---------+---------+-------+---------+---------+-------+---------
           D:1 |       0 |      26 |   0.0 |       0 |      14 |   0.0 |   396
           D:2 |       0 |      23 |   0.0 |       0 |       5 |   0.0 |    51
               +---------+---------+-------+---------+---------+-------+---------
